 Dungeon Crawl Stone Soup version 0.30-a0-462-gd5975efbca (webtiles) character file.

Game seed: 18362503445510728512

256 Juicyj the Poker (level 5, -4/47 HPs)
             Began as a Minotaur Fighter on Dec 16, 2022.
             Slain by Sigmund
             ... wielding a +3 scythe of venom
              (6 damage)
             ... on level 3 of the Dungeon.
             The game lasted 00:04:29 (2128 turns).

Juicyj the Poker (Minotaur Fighter)                 Turns: 2128, Time: 00:04:30

Health: -4/47      AC:  7    Str: 19 (20) XL:     5   Next: 92%
Magic:  4/4        EV:  9    Int:  5      God:
Gold:   128        SH:  4    Dex: 11 (12) Spells: 4/4 levels left

rFire   . . .      SeeInvis .    a - +0 trident
rCold   . . .      Faith    .    c - +0 buckler
rNeg    . . .      Spirit   .    b - +0 scale mail
rPois   .          Reflect  .    (helmet restricted)
rElec   .          Harm     .    (no cloak)
rCorr   .          Rampage  .    (no gloves)
Will    .....                    (no boots)
Stlth   ..........               (no amulet)
HPRegen 0.27/turn                (no ring)
MPRegen 0.09/turn                (no ring)

@: lethally poisoned (-4 -> -9)
A: horns 2, retaliatory headbutt
a: no special abilities


You were on level 3 of the Dungeon.
You visited 1 branch of the dungeon, and saw 4 of its levels.
You also visited: Sewer.

You collected 128 gold pieces.

Inventory:

Hand Weapons
 a - a +0 trident (weapon)
 k - a +0 sling of freezing
Missiles
 i - 5 curare-tipped darts (quivered)
Armour
 b - a +0 scale mail (worn)
 c - a +0 buckler (worn)
Jewellery
 j - an amulet of the acrobat
Scrolls
 d - a scroll of blinking
Potions
 g - 2 potions of brilliance


   Skills:
 + Level 4.3 Fighting
 * Level 5.5 Polearms
 * Level 5.1 Armour
 + Level 0.5 Dodging
 + Level 4.3 Shields


You had 4 spell levels left.
You didn't know any spells.
Your spell library was empty.

Dungeon Overview and Level Annotations

Branches:
Dungeon (4/15)              Sewer (visited)
 Temple: D:4-7

Altars:

Annotations:
D:3 Sigmund
D:4 Blork the orc


Innate Abilities, Weirdness & Mutations

You have a pair of horns on your head.
You reflexively headbutt those who attack you in melee.


Message History

You are too confused!
You are too confused!
You are too confused!
You are too confused!
You are too confused!
You are too confused!
You are too confused!
You are too confused!
You are too confused!
You are too confused!
You are too confused!
You feel sick.
You are no longer poisoned.
Sigmund hits you from afar with a +3 scythe of venom.
You are poisoned.
You feel very sick.
Sigmund hits you from afar with a +3 scythe of venom!
You are lethally poisoned!
You bump into the rock wall.
* * * LOW HITPOINT WARNING * * *
You feel very sick.
You bump into the rock wall.
* * * LOW HITPOINT WARNING * * *
You feel very sick. Sigmund closely misses you.
You're too confused to move!
* * * LOW HITPOINT WARNING * * *
You feel very sick. Sigmund barely misses you.
Okay, then.
You feel less confused.
* * * LOW HITPOINT WARNING * * *
You feel very sick.
* * * LOW HITPOINT WARNING * * *
You feel sick. Sigmund barely misses you.
You are too injured to fight recklessly!
* * * LOW HITPOINT WARNING * * *
You feel sick.
Sigmund hits you with a +3 scythe of venom.
You die...

# .. #.# #.###.###
#.......# #.......#
#.......### #####
#.........####.#.#
#...........##@#.#
#.........#.##@#.#
#.........#....#.#
#.........######.#
#..............#.#
#.........##.....#
#####.##..###...##
#.##..###~~~#
#.##....#~~~#
#######.##.####~~~#


You could see Sigmund.

Vanquished Creatures
  2 bullfrogs (Sewer)
  2 adders (Sewer)
  A dart slug (D:1)
  10 endoplasms
  15 giant cockroaches
  6 goblins
  8 hobgoblins
  5 kobolds (D:1)
  14 quokkas
  16 ball pythons
  5 bats
  10 frilled lizards
  6 rats
100 creatures vanquished.

Notes
Turn   | Place    | Note
-------+----------+-------------------------------------------
     0 | D:1      | Juicyj the Minotaur Fighter began the quest for the Orb.
     0 | D:1      | Reached XP level 1. HP: 19/19 MP: 0/0
    62 | D:1      | Found a large runed translucent door.
    62 | D:1      | Found a large runed translucent door.
   250 | D:1      | Reached XP level 2. HP: 27/27 MP: 1/1
  1010 | D:1      | Reached XP level 3. HP: 33/33 MP: 2/2
  1268 | D:2      | You fall into a shaft and drop 2 floors!
  1282 | D:4      | Noticed Blork the orc
  1434 | D:3      | Found a glowing drain.
  1459 | Sewer    | Entered a sewer
  1480 | Sewer    | Reached XP level 4. HP: 37/40 MP: 3/3
  1773 | Sewer    | Noticed a bullfrog
  1773 | Sewer    | Noticed a bullfrog
  1785 | Sewer    | Killed a bullfrog
  1786 | Sewer    | Reached skill level 5 in Polearms
  1786 | Sewer    | Reached XP level 5. HP: 6/46 MP: 4/4
  1793 | Sewer    | Reached skill level 5 in Armour
  2112 | D:3      | Noticed Sigmund
  2128 | D:3      | HP: 2/47 [poisoned by Sigmund]
  2128 | D:3      | Slain by Sigmund

Illustrated notes

Levels and vault maps discovered:
D:1:      erik_arrival_cave_to_civilisation [erik_arrival_cave_to_temple],
          layout_basic
D:2:      layout_rooms
D:3:      layout_basic, jmf_multi_god_temple2, portal_sewer_entry_f,
          uniq_crazy_yiuf_cottage, uniq_natasha, uniq_sigmund
D:4:      cheibrodos_helix_gallery, layout_basic, general_overflow_altar,
          minmay_misc_feat_doors, minmay_mini_ossuary, uniq_robin,
          uniq_blork_the_orc, uniq_pikel

Skill      XL: |  1  2  3  4  5 |
---------------+----------------+-----
Fighting       | 4 |  4.3
Armour         | 4 5 |  5.1
Shields        | 4 |  4.3
Polearms       | 3 5 |  5.5
Dodging        | |  0.5

Action                   |  1- 3 |  4- 6 || total
-------------------------+-------+-------++-------
Melee: Trident           |   117 |   113 ||   230
       Headbutt          |     9 |    12 ||    21
  Use: Potion            |     4 |     3 ||     7
       Scroll            |     2 |     3 ||     5
Armor: Scale mail        |    37 |    47 ||    84
Dodge: Dodged            |    36 |    43 ||    79
Block: Buckler           |    13 |    20 ||    33

Table legend: (Time is in decaauts)
 A = Elapsed time spent in this place.
 B = Non-inter-level travel time spent in this place.
 C = Inter-level travel time spent in this place.
 D = Time resting spent in this place.
 E = Time spent auto-exploring this place.
 F = Levels seen in this place.
 G = Mean time per level.
                   A        B        C        D        E       F      G
               +--------+--------+--------+--------+--------+-----+--------+
         Total |   2278 |   2236 |     42 |    161 |   1380 |   5 |  455.6 |
       Dungeon |   1522 |   1480 |     42 |      0 |   1159 |   4 |  380.5 |
         Sewer |    756 |    756 |      0 |    161 |    220 |   1 |  756.0 |
               +--------+--------+--------+--------+--------+-----+--------+

Top non-repeatable levels by time:
     D:1: 1118 daAuts
   Sewer: 756 daAuts
     D:3: 217 daAuts
     D:2: 167 daAuts
     D:4: 18 daAuts
